 Dungeon Crawl Stone Soup version 0.24-a0-464-g6b2be6b8c7 (webtiles) character file.

Game seed: 15257486573343110170

5495 DasRunzen the Blocker (level 10, -1/93 (94) HPs)
             Began as a Minotaur Fighter on July 3, 2019.
             Slain by an acid dragon (8 damage)
             ... on level 12 of the Dungeon.
             The game lasted 00:19:28 (6729 turns).

DasRunzen the Blocker (Minotaur Fighter)            Turns: 6729, Time: 00:19:29

HP:   -1/93 (94)    AC:  8    Str: 24    XL:     10   Next: 42%
MP:   13/13         EV:  6    Int: 14    God:
Gold: 304           SH: 15    Dex: 16    Spells: 9/9 levels left

rFire    x . .     SeeInvis .   C - +5 falchion "Tuyl Bimm" {freeze, rElec rF- Int+9 Dex+4}
rCold    . . .     Gourm    .   c - +2 shield
rNeg     + . .     Faith    .   g - +0 plate armour
rPois    .         Spirit   .   (helmet restricted)
rElec    +         Reflect  .   y - +0 cloak (curse)
rCorr    +         Harm     .   (no gloves)
MR       .....                  (no boots)
Stlth    ..........             (no amulet)
HPRegen  0.00/turn              k - ring of resist corrosion
MPRegen  0.13/turn              s - ring of positive energy

@: lethally poisoned (-1 -> -4), corroded
A: retaliatory headbutt, horns 2, agile 1, inhibited regeneration
a: no special abilities


You were on level 12 of the Dungeon.
You were hungry.

You visited 1 branch of the dungeon, and saw 11 of its levels.

You collected 560 gold pieces.
You spent 256 gold pieces at shops.

Inventory:

Hand Weapons
 a - a +2 war axe
 p - a +2 war axe of venom
 C - the +5 falchion "Tuyl Bimm" (weapon) {freeze, rElec rF- Int+9 Dex+4}
   (You bought it in a shop on level 9 of the Dungeon)

   It has been specially enchanted to freeze those struck by it, causing extra
   injury to most foes and up to half again as much damage against particularly
   susceptible opponents.
   It can also slow down cold-blooded creatures.
   It affects your intelligence (+9).
   It affects your dexterity (+4).
   It makes you vulnerable to fire.
   It insulates you from electricity.
Armour
 c - a +2 shield (worn)
 g - a +0 plate armour (worn)
 y - a cursed +0 cloak (worn)
Jewellery
 k - a ring of resist corrosion (left hand)
 o - the amulet of the Air {Inacc +Fly rElec EV+5 RMsl}
   (You found it on level 4 of the Dungeon)

   [amulet of inaccuracy]

   It reduces the accuracy of all your attacks.
   It affects your evasion (+5).
   It insulates you from electricity.
   It lets you fly.
   It protects you from missiles.
 r - an uncursed ring of protection from magic
 s - a ring of positive energy (right hand)
 t - a cursed ring of attention {unknown}
 v - an uncursed ring of protection from magic
 A - an uncursed ring of flight {unknown}
Wands
 m - a wand of random effects (37)
Scrolls
 b - a scroll of magic mapping
 i - 4 scrolls of amnesia
 q - 5 scrolls of teleportation
 u - 3 scrolls of remove curse
 x - 5 scrolls of identify
 z - a scroll of fog {unknown}
 B - a scroll of random uselessness {unknown}
Potions
 d - 2 potions of might
 e - a potion of magic
 j - a potion of agility
 l - 3 potions of brilliance
 n - 3 potions of curing
 w - a potion of berserk rage
Comestibles
 f - 20 rations


   Skills:
 + Level 10.4 Fighting
 + Level 3.6 Long Blades
 - Level 9.3 Axes
 + Level 10.4 Armour
 + Level 10.4 Shields
   Level 5.3 Invocations


You had 9 spell levels left.
You didn't know any spells.
Your spell library contained the following spells:

 Spells                   Type           Power        Failure   Level  Hunger
 Confusing Touch          Hex            #.....       99%         1    ##.....
 Confuse                  Hex            #.......     100%        3    ####...
 Gell's Gravitas          Tloc           #.........   100%        3    ####...
 Petrify                  Tmut/Erth      #.......     100%        4    #####..
 Metabolic Englaciation   Hex/Ice        #.........   100%        5    ######.
 Yara's Violent Unravell  Hex/Tmut       #.........   100%        5    ######.


Dungeon Overview and Level Annotations

Branches:
Dungeon (11/15)               Orc (0/2) D:10
 Temple: D:4-7         Lair: D:8-11

Altars:
Trog
Yredelemnul
Beogh

Shops:
D:7 [   D:9 *

Annotations:
D:3 1 runed translucent door, skelma's ghost, amateur DsFE


Innate Abilities, Weirdness & Mutations

You reflexively headbutt those who attack you in melee.
You have a pair of horns on your head.
You are agile. (Dex +2)
You do not regenerate when monsters are visible.


Message History

The acid dragon is moderately wounded.
You feel sick. You block the acid dragon's attack.
The acid dragon claws you but does no damage.
You hit the acid dragon but do no damage.
The acid dragon is moderately wounded.
The acid dragon spits acid at you. The splash of acid hits you. You resist.
* * * LOW HITPOINT WARNING * * *
The acid corrodes you!
You are splashed with acid.
You resist.
* * * LOW HITPOINT WARNING * * *
You closely miss the acid dragon. Your headbutt misses the acid dragon.
The acid dragon is moderately wounded.
You block the acid dragon's attack.
The acid dragon claws you but does no damage.
You hit the acid dragon. You freeze the acid dragon.
The acid dragon is moderately wounded.
You feel sick. The acid dragon bites you.
* * * LOW HITPOINT WARNING * * *
You block the acid dragon's attack. The acid dragon bites you!
You die...

##...K...Du.....
#...K####.......
#...u####.......
##..............
#KD.###..######
#...# .# ##...#
.. ####....#
#.@DK...#
#########


You could see an acid dragon and a kobold.

Vanquished Creatures
  Pikel (D:7)
  An ugly thing (D:12)
  A troll (D:10)
  A wraith (D:12)
  A wyvern (D:11)
  A steam dragon (D:9)
  4 orc warriors
  3 ice beasts
  2 sky beasts (D:10)
  4 slaves (D:7)
  A necrophage (D:10)
  A phantom (D:11)
  4 ogres
  A big kobold (D:12)
  2 bullfrogs
  A wyvern zombie (D:11)
  2 scorpions
  A howler monkey (D:5)
  4 crimson imps
  A bullfrog zombie (D:6)
  2 centaur zombies
  2 hounds
  A centaur skeleton (D:4)
  A gnoll shaman (D:9)
  7 orc priests
  3 bullfrog skeletons
  2 jellies (D:11)
  3 iguanas
  7 orc wizards
  13 worker ants
  A hound zombie (D:4)
  A hound skeleton (D:4)
  2 howler monkey zombies
  A worker ant zombie (D:4)
  Robin (D:3)
  5 gnolls
  6 adders
  2 shadow imps
  2 oozes
  An adder skeleton (D:5)
  2 adder zombies
  2 worms
  4 dart slugs
  4 leopard geckos
  48 orcs
  7 giant cockroaches
  2 gnoll zombies (D:6)
  10 hobgoblins
  15 jackals
  A ball python (D:4)
  11 bats
  7 frilled lizards
  18 goblins
  11 kobolds
  A leopard gecko zombie (D:7)
  A quokka zombie (D:4)
  3 rats
247 creatures vanquished.

Vanquished Creatures (others)
  A gnoll (D:9)
  An adder (D:9)
  A jackal (D:9)
3 creatures vanquished.

Grand Total: 250 creatures vanquished

Notes
Turn   | Place    | Note
-------+----------+-------------------------------------------
     0 | D:1      | DasRunzen the Minotaur Fighter began the quest for the Orb.
     0 | D:1      | Reached XP level 1. HP: 19/19 MP: 0/0
   197 | D:1      | Reached XP level 2. HP: 27/27 MP: 1/1
   717 | D:2      | Reached XP level 3. HP: 30/33 MP: 2/2
  1049 | D:2      | Reached XP level 4. HP: 25/41 MP: 3/3
  1476 | D:3      | Found a runed translucent door.
  1476 | D:3      | Noticed skelma's ghost (amateur DsFE)
  1839 | D:3      | Reached XP level 5. HP: 47/47 MP: 4/4
  1847 | D:3      | Noticed Robin
  1861 | D:3      | Killed Robin
  2091 | D:4      | Noticed an ogre
  2294 | D:4      | Reached skill level 5 in Fighting
  2294 | D:4      | Reached skill level 5 in Shields
  2298 | D:4      | Reached skill level 5 in Armour
  2307 | D:4      | HP: 2/48 [orc wizard/magic dart (6)]
  2674 | D:4      | Killed an ogre
  2674 | D:4      | Reached XP level 6. HP: 8/56 MP: 5/5
  2677 | D:4      | HP: 2/56 [poisoned by an adder]
  2990 | D:4      | Found the amulet of the Air {Inacc +Fly rElec EV+5 RMsl}
  3093 | D:4      | Reached XP level 7. HP: 62/62 MP: 6/6
  3133 | D:4      | Reached skill level 5 in Axes
  3341 | D:4      | Reached skill level 5 in Invocations
  3341 | D:4      | Reached XP level 8. HP: 78/78 MP: 6/11
  3368 | D:5      | Entered Level 5 of the Dungeon
  3960 | D:5      | Gained mutation: Your magical capacity is low. (-10% MP)
                  | [potion of mutation]
  3960 | D:5      | Gained mutation: You tend to lose your temper in combat.
                  | [potion of mutation]
  3960 | D:5      | Lost mutation: Your magical capacity is low. (-10% MP)
                  | [potion of mutation]
  3960 | D:5      | Gained mutation: Your flesh is cold resistant. (rC+)
                  | [potion of mutation]
  3961 | D:5      | Lost mutation: You tend to lose your temper in combat.
                  | [potion of mutation]
  3961 | D:5      | Lost mutation: Your flesh is cold resistant. (rC+) [potion
                  | of mutation]
  3961 | D:5      | Gained mutation: You do not regenerate when monsters are
                  | visible. [potion of mutation]
  3961 | D:5      | Gained mutation: You are agile. (Dex +2) [potion of
                  | mutation]
  4253 | D:6      | Found a basalt altar of Yredelemnul.
  4319 | D:7      | Found Gaptuats's Antique Armour Emporium.
  4345 | D:7      | Noticed Pikel
  4370 | D:7      | Killed Pikel
  4370 | D:7      | Reached XP level 9. HP: 78/84 MP: 12/12
  4395 | D:7      | Found a bloodstained altar of Trog.
  4786 | D:7      | You fall into a shaft and drop 2 floors!
  5154 | D:9      | Found Diuqaogh's Assorted Antiques.
  5164 | D:9      | Bought a bone falchion for 256 gold pieces
  5164 | D:9      | Identified the +5 falchion "Tuyl Bimm" {freeze, rElec rF-
                  | Int+9 Dex+4} (You bought it in a shop on level 9 of the
                  | Dungeon)
  5212 | D:9      | You fall into a shaft and drop 2 floors!
  5243 | D:11     | HP: 2/85 [orc priest/divine providence (11)]
  5245 | D:11     | Reached skill level 1 in Long Blades
  5551 | D:11     | Reached skill level 10 in Armour
  5551 | D:11     | Reached skill level 10 in Shields
  5661 | D:11     | Reached skill level 10 in Fighting
  5798 | D:11     | Reached XP level 10. HP: 85/93 MP: 13/13
  5806 | D:10     | Entered Level 10 of the Dungeon
  6015 | D:10     | Found a roughly hewn altar of Beogh.
  6017 | D:10     | Found a staircase to the Orcish Mines.
  6672 | D:10     | You fall into a shaft and drop 2 floors!
  6678 | D:12     | Noticed a brown ugly thing
  6711 | D:12     | Killed a brown ugly thing
  6729 | D:12     | Slain by an acid dragon

Levels and vault maps discovered:
D:1:      minmay_arrival_plants_in_alcoves, layout_loops_ring
D:2:      layout_loops_ring, nrook_campfire, kennysheep_nub
D:3:      layout_basic, first_ration, ebering_ghost_reflecting_pool, uniq_robin
D:4:      minmay_general_purpose_star, layout_rooms, serial_undead,
          serial_undead_c, serial_undead_b, serial_undead_a, serial_undead_c
D:5:      layout_loops_ring
D:6:      layout_rooms, lemuel_zombie_altar_yredelemnul
D:7:      layout_loops_ring, minmay_temple_entry_enclosed_plants, serial_shops,
          nicolae_shop_overgrown_old_shop, trog_book, uniq_pikel
D:9:      layout_long_grid, serial_shops, shop_statue, uniq_erica
D:10:     layout_loops_corners, david_orc_5
D:11:     layout_layer_cave
D:12:     layout_basic, basic_altar, grunt_ogre_cave

Skill      XL: |  1  2  3  4  5  6  7  8  9 10 |
---------------+-------------------------------+-----
Fighting       | 4 5 9 10 | 10.4
Shields        | 4 5 9 10 | 10.4
Armour         | 4 5 9 10 | 10.4
Axes           | 3 4 8 9 |  9.3
Invocations    | 5 |  5.3
Long Blades    | 2 3 |  3.6

Action                   |  1- 3 |  4- 6 |  7- 9 | 10-12 || total
-------------------------+-------+-------+-------+-------++-------
Melee: War axe           |   113 |   163 |   169 |       ||   445
       Headbutt          |    13 |    20 |    37 |    27 ||    97
       Falchion          |       |       |    77 |   117 ||   194
  Use: Scroll            |     5 |     6 |     9 |       ||    20
       Potion            |       |     1 |     6 |     1 ||     8
  Eat: Chunk             |       |     6 |    10 |     3 ||    19
Armor: Scale mail        |    56 |     5 |       |       ||    61
       Plate armour      |       |   109 |   100 |    67 ||   276
Dodge: Dodged            |    41 |    30 |    39 |    22 ||   132
Block: Shield            |    67 |   114 |   169 |    94 ||   444
       Rpst.: Falchion   |       |       |     3 |     7 ||    10

Table legend:
 A = Non-vault XP
 B = Vault XP
 C = Vault XP percentage of total XP
 D = Non-vault monster count
 E = Vault monster count
 F = Vault count percentage of total count
                 A         B        C        D         E       F
            +---------+---------+-------+---------+---------+-------
      Total |    5774 |    1229 |  17.5 |     196 |      48 |  19.7
            +---------+---------+-------+---------+---------+-------
        D:1 |      31 |       0 |   0.0 |      19 |       0 |   0.0
        D:2 |      84 |       0 |   0.0 |      30 |       0 |   0.0
        D:3 |     104 |      36 |  25.7 |      25 |      12 |  32.4
        D:4 |     476 |     160 |  25.2 |      21 |      11 |  34.4
        D:5 |     342 |       0 |   0.0 |      10 |       0 |   0.0
        D:6 |     562 |       3 |   0.5 |      11 |       2 |  15.4
        D:7 |     333 |     629 |  65.4 |      16 |       1 |   5.9
        D:9 |     669 |       0 |   0.0 |      20 |       0 |   0.0
       D:10 |     933 |     401 |  30.1 |       7 |      22 |  75.9
       D:11 |    1255 |       0 |   0.0 |      27 |       0 |   0.0
       D:12 |     985 |       0 |   0.0 |      10 |       0 |   0.0
            +---------+---------+-------+---------+---------+-------
